 Dungeon Crawl Stone Soup version 0.31-a0-152-g6aa68a64a1 (webtiles) character file.

Game seed: 1816768382513057111

1789 jasper the Destroyer (level 8, 0/46 HPs)
             Began as a Deep Elf Hedge Wizard on June 10, 2023.
             Was an Initiate of Vehumet.
             Slain by a yak (9 damage)
             ... on level 7 of the Dungeon.
             The game lasted 00:12:36 (6761 turns).

jasper the Destroyer (Deep Elf Hedge Wizard)        Turns: 6761, Time: 00:12:36

Health: 0/46       AC:  2    Str:  7    XL:     8   Next: 82%
Magic:  1/21       EV: 12    Int: 22    God:    Vehumet [......]
Gold:   225        SH:  0    Dex: 14    Spells: 9/22 levels left

rFire   . . .        w - +1 war axe (venom)
rCold   . . .        (no shield)
rNeg    . . .        b - +0 robe
rPois   .            c - +0 hat
rElec   .            (no cloak)
rCorr   .            (no gloves)
SInv    .            (no boots)
Will    .....        l - amulet of regeneration
Stlth   ++           (no ring)
HPRegen 1.07/turn    (no ring)
MPRegen 0.17/turn

%: no passive effects
@: no status effects
A: no striking features
a: Renounce Religion


You were on level 7 of the Dungeon.
You worshipped Vehumet.
Vehumet was noncommittal.
You visited 2 branches of the dungeon, and saw 8 of its levels.

You collected 445 gold pieces.
You spent 220 gold pieces at shops.

Inventory:

Hand Weapons
 a - a +0 dagger
 f - a +0 spear
 j - a +0 rapier
 n - a +2 mace of protection
 w - a +1 war axe of venom (weapon)
Missiles
 g - 5 boomerangs
 o - 11 poisoned darts
 r - 4 datura-tipped darts
 u - a throwing net
Armour
 b - a +0 robe (worn)
 c - a +0 hat (worn)
 e - a +2 ring mail of poison resistance
Jewellery
 l - an amulet of regeneration (around neck)
Wands
 i - a wand of polymorph (7)
 s - a wand of paralysis (4)
Scrolls
 h - 2 scrolls of teleportation
 k - a scroll of blinking
 m - a scroll of fog
 q - 5 scrolls of identify
 t - 2 scrolls of fear
 v - a scroll of amnesia
Potions
 d - a potion of magic
 p - a potion of curing


   Skills:
 - Level 3.4 Fighting
 - Level 2.4 Dodging
 - Level 2.4 Stealth
 - Level 7.6 Spellcasting
 + Level 8.1 Conjurations
 - Level 1.1 Summonings
 - Level 1.1 Translocations
 + Level 6.2 Earth Magic


You had 9 spell levels left.
You knew the following spells:

 Your Spells              Type           Power      Damage    Failure   Level
a - Magic Dart            Conj           100%       1d8       1%          1
b - Blink                 Tloc           26%        N/A       8%          2
c - Call Imp              Summ           26%        N/A       8%          2
d - Cigotuvi's Dreadful   Necr/Pois/Air  16%        N/A       12%         2
e - Mephitic Cloud        Conj/Pois/Air  20%        N/A       8%          3
f - Stone Arrow           Conj/Erth      78%        3d11      1%          3

Your spell library contained the following spells:

 Spells                   Type           Power      Damage    Failure   Level
 Kiss of Death            Conj/Necr      100%       2d13      1%          1
 Sandblast                Erth           70%        2d15      1%          1
 Passwall                 Tmut/Erth      18%        N/A       3%          2
 Slow                     Hex            32%        N/A       8%          1
 Lesser Beckoning         Tloc           26%        N/A       8%          2
 Gell's Gravitas          Tloc           13%        N/A       14%         3
 Teleport Other           Tloc           13%        N/A       14%         3
 Confusing Touch          Hex            8%         N/A       24%         3
 Dispel Undead            Necr           8%         3d8       61%         4


Dungeon Overview and Level Annotations

Branches:
Dungeon (7/15)             Temple (1/1) D:5

Altars:
Dithmenos
Gozag
Makhleb
Ru
Vehumet

Shops:
D:4 ![![

Annotations:
D:4 exclusions: black bear, orc and orc priest


Message History

You kill the yak!
Vehumet accepts your kill.
You now have 9/21 mp.
Aiming: Stone Arrow (safe; 1% risk of failure)
Press: ? - help, Q - select action, (/) - cycle Shift-Dir - straight line, f - yak
Aim: a yak (84% to hit)
The stone arrow hits the yak!
The yak is moderately wounded.
The yak completely misses you.
You now have 6/21 mp.
Aiming: Stone Arrow (safe; 1% risk of failure)
Press: ? - help, Q - select action, (/) - cycle Shift-Dir - straight line, f/p - yak
Aim: a yak (moderately wounded, 84% to hit)
The stone arrow hits the yak!
The yak is severely wounded.
You now have 4/21 mp.
Aiming: Stone Arrow (safe; 1% risk of failure)
Press: ? - help, Q - select action, (/) - cycle Shift-Dir - straight line, f/p - yak
Aim: a yak (severely wounded, 84% to hit)
The stone arrow hits the yak!!
You kill the yak!
Vehumet accepts your kill.
Your Conjurations skill increases to level 8!
Your Earth Magic skill increases to level 6!
You now have 1/21 mp.
You don't have enough magic to cast this spell.
You don't have enough magic to cast this spell.
You don't have enough magic to cast this spell.
You don't have enough magic to cast this spell.
You don't have enough magic to cast this spell.
You don't have enough magic to cast this spell.
You barely miss the yak. You hit the yak.
The yak is poisoned.
The yak gores you! x2
You take 29 damage, and have 17/46 hp.
MASSIVE DAMAGE!!
You hit the yak.
The yak is poisoned.
The yak is lightly wounded.
You barely miss the yak. The yak gores you!
* * * LOW HITPOINT WARNING * * *
The yak closely misses you. The yak gores you!
You die...

#.....#...#....+
#.....#...##...# ...
#.....#...##...##..
#.....######......
#..........#.....
#>.........#....
#..........#...
#..........##Y########
#............@Y......#
#....................#
#....................#
#....................#
#....................#
....................#
....#######+##.....#######
... #....#..........>#
#....#...........#


You could see 2 yaks.

Vanquished Creatures
  2 yaks (D:7)
  2 water moccasins
  An ice beast (D:6)
  A black bear (D:4)
  A sky beast (D:7)
  2 ogres (D:6)
  A phantom (D:6)
  A kobold brigand (D:7)
  A howler monkey (D:7)
  A hound (D:6)
  2 sleepcaps (D:5)
  A gnoll bouda (D:5)
  An orc priest (D:4)
  An iguana (D:6)
  Natasha (thrice) (D:3)
  3 orc wizards
  7 gnolls
  4 adders
  A river rat (D:3)
  2 ufetubi
  A worm (D:3)
  A dart slug (D:2)
  25 orcs
  11 endoplasms
  2 giant cockroaches
  2 goblins (D:1)
  3 hobgoblins
  8 jackals
  2 quokkas
  7 ball pythons
  3 bats
  4 frilled lizards
  11 kobolds
  8 rats
126 creatures vanquished.

Vanquished Creatures (collateral kills)
  An ogre (D:5)
  A gnoll (D:5)
2 creatures vanquished.

Grand Total: 128 creatures vanquished

Notes
Turn   | Place    | Note
-------+----------+-------------------------------------------
     0 | D:1      | jasper the Deep Elf Hedge Wizard began the quest for the
                  | Orb.
     0 | D:1      | Reached XP level 1. HP: 10/10 MP: 7/7
   552 | D:1      | Reached XP level 2. HP: 15/15 MP: 5/9
   555 | D:1      | Learned a level 2 spell: Blink
   558 | D:1      | Learned a level 2 spell: Call Imp
   561 | D:1      | Learned a level 2 spell: Cigotuvi's Dreadful Rot
   893 | D:2      | Reached skill level 2 in Conjurations
  1000 | D:2      | Reached skill level 5 in Spellcasting
  1343 | D:2      | Reached XP level 3. HP: 19/19 MP: 7/11
  1425 | D:2      | Learned a level 3 spell: Mephitic Cloud
  1958 | D:3      | Reached skill level 1 in Fighting
  2285 | D:3      | Noticed Natasha
  2292 | D:3      | Killed Natasha
  2293 | D:3      | Reached XP level 4. HP: 25/25 MP: 4/13
  2300 | D:3      | Noticed Natasha
  2307 | D:3      | Killed Natasha
  2308 | D:3      | Reached skill level 3 in Conjurations
  2343 | D:3      | Noticed Natasha
  2355 | D:3      | Killed Natasha
  2356 | D:3      | Reached XP level 5. HP: 8/30 MP: 6/15
  3125 | D:4      | Found Best's Distillery.
  3125 | D:4      | Found Viss's Antique Armour Shoppe.
  3125 | D:4      | Found Fistroseu's Armour Shop.
  3131 | D:4      | Bought a potion of curing for 30 gold pieces
  3131 | D:4      | Bought a potion of heal wounds for 50 gold pieces
  3131 | D:4      | Bought 2 potions of lignification for 60 gold pieces
  3131 | D:4      | Bought a potion of magic for 80 gold pieces
  3271 | D:4      | Noticed a black bear
  3326 | D:4      | Found Deruargh Piul's Distillery.
  3871 | D:4      | Found a shadowy altar of Dithmenos.
  4182 | D:5      | Entered Level 5 of the Dungeon
  4213 | D:5      | Reached XP level 6. HP: 36/36 MP: 9/17
  4226 | D:5      | HP: 1/36 [ufetubus (3)]
  4227 | D:5      | Reached skill level 4 in Conjurations
  4447 | D:5      | Noticed a water moccasin
  4461 | D:5      | Killed a water moccasin
  4471 | D:5      | Reached XP level 7. HP: 17/41 MP: 16/19
  4836 | D:5      | Found a staircase to the Ecumenical Temple.
  4846 | D:5      | Learned a level 3 spell: Stone Arrow
  4963 | D:6      | Reached skill level 5 in Conjurations
  4963 | D:6      | Reached skill level 1 in Earth Magic
  5621 | D:6      | Reached skill level 6 in Conjurations
  5621 | D:6      | Reached XP level 8. HP: 46/46 MP: 14/21
  5898 | Temple   | Entered the Ecumenical Temple
  5926 | Temple   | Became a worshipper of Vehumet
  6361 | D:7      | Reached skill level 7 in Conjurations
  6592 | D:7      | Reached skill level 5 in Earth Magic
  6760 | D:7      | Reached skill level 8 in Conjurations
  6761 | D:7      | Slain by a yak

Illustrated notes

Levels and vault maps discovered:
D:1:      dpeg_arrival_concentric_ovals, layout_basic
D:2:      layout_rooms, minmay_pentomino_u2
D:3:      layout_loops_corners, portal_sewer_entry_e, minmay_misc_feat_tower,
          uniq_natasha
D:4:      layout_rooms, mainiacjoe_overflow_cross_hatched, serial_shops,
          nicolae_take_the_stairs, roderic_lattice_a, nicolae_wooded_promenade
D:5:      layout_rooms, minmay_temple_entry_from_below_a
D:6:      layout_basic, grunt_decor_fettered
D:7:      layout_gridville
Temple:   mainiacjoe_temple_hex_bubbles

Skill      XL: |  1  2  3  4  5  6  7  8 |
---------------+-------------------------+-----
Conjurations   | 2 3 4 6 8 |  8.1
Spellcasting   | 5 6 7 |  7.6
Fighting       | 1 2 3 |  3.4
Earth Magic    | 3 6 |  6.2
Dodging        | |  2.4
Stealth        | |  2.4
Summonings     | |  1.1
Translocations | |  1.1

Action                     |  1- 3 |  4- 6 |  7- 9 || total
---------------------------+-------+-------+-------++-------
  Melee: Rapier            |    11 |    18 |       ||    29
         Unarmed           |       |    13 |       ||    13
         War axe           |       |    35 |    22 ||    57
         Punch             |       |     2 |     1 ||     3
   Cast: Magic Dart        |    95 |    93 |    15 ||   203
         Call Imp          |     2 |     3 |     2 ||     7
         Stone Arrow       |       |       |    58 ||    58
         Mephitic Cloud    |       |       |     2 ||     2
         Blink             |       |       |     1 ||     1
  Evoke: Wand              |       |     3 |       ||     3
    Use: Scroll            |     4 |       |     4 ||     8
         Potion            |       |     6 |     2 ||     8
   Stab: Paralysed         |       |    13 |       ||    13
         Confused          |       |       |     1 ||     1
         Sleeping          |       |       |     1 ||     1
 Armour: Robe              |     5 |    10 |     6 ||    21
         Skin              |       |    68 |       ||    68
  Dodge: Dodged            |    13 |    54 |    31 ||    98

Table legend: (Time is in decaauts)
 A = Elapsed time spent in this place.
 B = Non-inter-level travel time spent in this place.
 C = Inter-level travel time spent in this place.
 D = Time resting spent in this place.
 E = Time spent auto-exploring this place.
 F = Levels seen in this place.
 G = Mean time per level.
                   A        B        C        D        E       F      G
               +--------+--------+--------+--------+--------+-----+--------+
         Total |   6810 |   6337 |    473 |    468 |   4986 |   8 |  851.2 |
       Dungeon |   6764 |   6307 |    457 |    468 |   4961 |   7 |  966.3 |
        Temple |     45 |     29 |     16 |      0 |     25 |   1 |   45.0 |
               +--------+--------+--------+--------+--------+-----+--------+

Top non-repeatable levels by time:
     D:3: 1522 daAuts
     D:4: 1266 daAuts
     D:6: 1230 daAuts
     D:1: 832 daAuts
     D:5: 764 daAuts
     D:2: 750 daAuts
     D:7: 398 daAuts
  Temple: 45 daAuts
